 Dungeon Crawl Stone Soup version 0.24-a0-479-g9a978d2894 (webtiles) character file.

Game seed: 16875329241144910694

180 forest the Covert (level 5, -2/26 HPs)
             Began as a Spriggan Assassin on July 8, 2019.
             Slain by a gnoll
             ... wielding a +0 spear
              (11 damage)
             ... on level 3 of the Dungeon.
             The game lasted 00:07:40 (2580 turns).

forest the Covert (Spriggan Assassin)               Turns: 2580, Time: 00:07:41

Health: -2/26      AC:  3    Str:  8    XL:     5   Next: 33%
Magic:  15/15      EV: 18    Int: 13    God:
Gold:   82         SH:  0    Dex: 23    Spells: 4/4 levels left

rFire    . . .     SeeInvis +   y - +1 rapier (freeze)
rCold    . . .     Gourm    .   (shield restricted)
rNeg     . . .     Faith    .   b - +0 robe
rPois    .         Spirit   .   (helmet restricted)
rElec    .         Reflect  .   c - +0 cloak
rCorr    .         Harm     .   (gloves unavailable)
MR       .....                  (boots unavailable)
Stlth    ++++......             (no amulet)
HPRegen  0.08/turn              p - ring of magical power
MPRegen  0.14/turn              v - +6 ring of dexterity

@: very quick
A: very small, unfitting armour, see invisible, herbivore, speed 3, slow
metabolism 2
a: no special abilities


You were on level 3 of the Dungeon.
You were not hungry.

You visited 1 branch of the dungeon, and saw 3 of its levels.

You collected 82 gold pieces.

Inventory:

Hand Weapons
 a - a +2 dagger
 y - a +1 rapier of freezing (weapon)
Missiles
 d - 17 poisoned darts (quivered)
 e - 2 curare-tipped darts
 k - 43 stones
 w - 21 sling bullets
Armour
 b - a +0 robe (worn)
 c - a +0 cloak (worn)
Jewellery
 j - an uncursed ring of ice
 p - a ring of magical power (left hand)
 v - a +6 ring of dexterity (right hand)
Wands
 x - a wand of flame (22)
Scrolls
 g - 3 scrolls of immolation {unknown}
 h - 2 scrolls of fog
 l - 2 scrolls of identify {unknown}
 m - a scroll of teleportation {unknown}
 n - a scroll of fear {unknown}
 r - a scroll of enchant armour {unknown}
 u - a scroll of remove curse {unknown}
Potions
 i - 4 potions of flight {unknown}
 o - a potion of magic {unknown}
 q - a potion of curing {unknown}
 s - a potion of haste {unknown}
 t - a potion of mutation {unknown}
 z - a potion of cancellation {unknown}
Comestibles
 f - 7 rations


   Skills:
 + Level 2.0 Fighting
 + Level 3.2 Short Blades
 + Level 2.5 Throwing
 + Level 2.5 Dodging
 + Level 8.5 Stealth


You had 4 spell levels left.
You didn't know any spells.
Your spell library was empty.

Dungeon Overview and Level Annotations

Branches:
Dungeon (3/15)

Altars:


Innate Abilities, Weirdness & Mutations

You are very small and have problems with some larger weapons.
You are too small for most types of armour.
You have supernaturally acute eyesight. (SInv)
You are a herbivore.
You cover ground extremely quickly.
You need to consume almost no food.


Message History

The gnoll closely misses you. x2
You hit the gnoll. You freeze the gnoll.
The gnoll is severely wounded.
The gnoll looks more healthy.
The gnoll barely misses you.
You hit the gnoll but do no damage.
The gnoll is severely wounded.
The gnoll hits you with a +0 spear.
Throwing (i - inventory. (/) - cycle)
d - 19 poisoned darts (quivered)
Press: ? - help, Shift-Dir - straight line, f - gnoll
Aim: a gnoll, wielding a +0 spear (severely wounded)
You throw a poisoned dart.
The poisoned dart barely misses the gnoll.
Throwing (i - inventory. (/) - cycle)
d - 18 poisoned darts (quivered)
Press: ? - help, Shift-Dir - straight line, f/p - gnoll
Aim: a gnoll, wielding a +0 spear (severely wounded)
You throw a poisoned dart.
The poisoned dart closely misses the gnoll.
The gnoll misses you.
The gnoll hits you from afar with a +0 spear!
You die...

### ##.. ## #... ...#
#..##.....#
###################
#..........
#.@.g.)(.((..†((g..
#.##.....#
#.################.
#.<......# #.########
#.
#.##.....###.#......#
#g
#......###..>.......+
. #.
###.###.###.###......#
... ### #...........#
#......# .....#..
###.##..##### #......#
.....g.. #.##.##
######## ......8.


You could see a gnoll.

Vanquished Creatures
  A centaur (D:2)
  3 adders (D:2)
  2 gnolls (D:3)
  2 worms (D:2)
  2 dart slugs (D:2)
  2 leopard geckos
  4 bats
  3 giant cockroaches
  6 goblins
  4 hobgoblins
  A ball python (D:3)
  3 frilled lizards
  6 kobolds
  5 rats
44 creatures vanquished.

Vanquished Creatures (others)
  A hobgoblin (D:2)
1 creature vanquished.

Grand Total: 45 creatures vanquished

Notes
Turn   | Place    | Note
-------+----------+-------------------------------------------
     0 | D:1      | forest the Spriggan Assassin began the quest for the Orb.
     0 | D:1      | Reached XP level 1. HP: 10/10 MP: 2/2
     2 | D:1      | Noticed a minotaur
     2 | D:1      | Noticed a dwarf
     4 | D:1      | Noticed a halfling
     6 | D:1      | Noticed a naga
     6 | D:1      | Noticed a spriggan
     8 | D:1      | Noticed an octopode
     8 | D:1      | Noticed a troll
    10 | D:1      | Noticed a gargoyle
    12 | D:1      | Noticed a merfolk
    12 | D:1      | Noticed a demonspawn
    14 | D:1      | Noticed an elf
    14 | D:1      | Noticed a human
    16 | D:1      | Noticed a formicid
    16 | D:1      | Noticed a draconian
    18 | D:1      | Noticed a demigod
    20 | D:1      | Noticed a vine stalker
    20 | D:1      | Noticed an ogre
    22 | D:1      | Noticed a centaur
    22 | D:1      | Noticed a tengu
    24 | D:1      | Noticed a ghoul
    24 | D:1      | Noticed a vampire
    26 | D:1      | Noticed a felid
    35 | D:1      | Reached skill level 6 in Stealth
   575 | D:1      | Reached XP level 2. HP: 14/14 MP: 3/3
  1050 | D:2      | Reached skill level 7 in Stealth
  1060 | D:2      | Reached XP level 3. HP: 18/18 MP: 4/4
  1530 | D:2      | Noticed a centaur
  1945 | D:2      | Killed a centaur
  1945 | D:2      | Reached skill level 8 in Stealth
  1945 | D:2      | Reached XP level 4. HP: 16/23 MP: 5/5
  1945 | D:2      | Reached XP level 5. HP: 18/26 MP: 6/6
  2518 | D:3      | Found a faded altar of an unknown god.
  2580 | D:3      | Slain by a gnoll

Levels and vault maps discovered:
D:1:      kb_arrival_jail, layout_loops_cross
D:2:      layout_basic, minmay_pentomino_t4
D:3:      layout_basic, first_ration, chequers_ecumenical_altar_simple

Skill      XL: |  1  2  3  4  5 |
---------------+----------------+-----
Stealth        | 6 7 8 |  8.5
Short Blades   | 3 |  3.2
Dodging        | 2 |  2.5
Fighting       | 2 |  2.0
Throwing       | |  2.5

Action                   |  1- 3 |  4- 6 || total
-------------------------+-------+-------++-------
Melee: Dagger            |    76 |    28 ||   104
       Rapier            |       |    18 ||    18
Throw: Dart              |     9 |     8 ||    17
  Use: Scroll            |     1 |       ||     1
 Stab: Sleeping          |    15 |     2 ||    17
       Distracted        |     1 |       ||     1
Armor: Robe              |    12 |     5 ||    17
Dodge: Dodged            |    56 |    47 ||   103

Table legend:
 A = Non-vault XP
 B = Vault XP
 C = Vault XP percentage of total XP
 D = Non-vault monster count
 E = Vault monster count
 F = Vault count percentage of total count
                 A         B        C        D         E       F
            +---------+---------+-------+---------+---------+-------
      Total |     139 |     119 |  46.1 |      42 |       2 |   4.5
            +---------+---------+-------+---------+---------+-------
        D:1 |      25 |       1 |   3.8 |      16 |       1 |   5.9
        D:2 |      76 |     118 |  60.8 |      18 |       1 |   5.3
        D:3 |      38 |       0 |   0.0 |       8 |       0 |   0.0
            +---------+---------+-------+---------+---------+-------
